 Dungeon Crawl Stone Soup version 0.29-a0-284-gf9362112df (webtiles) character file.

Game seed: 13445174774890644595

1080 sammy202020 the Chopper (level 8, -1/102 HPs)
             Began as a Palentonga Berserker on Mar 26, 2022.
             Was a Priest of Trog.
             Slain by an ice beast (4 damage)
             ... on level 6 of the Dungeon.
             The game lasted 00:08:34 (5985 turns).

sammy202020 the Chopper (Palentonga Berserker)      Turns: 5985, Time: 00:08:34

Health: -1/102     AC: 16    Str: 21    XL:     8   Next: 8%
Magic:  8/8        EV:  9    Int: 10    God:    Trog [***...]
Gold:   304        SH:  5    Dex:  9    Spells: 7/7 levels left

rFire   . . .      SeeInvis +   p - +1 battleaxe
rCold   + . .      Faith    .   (shield currently unavailable)
rNeg    . . .      Spirit   .   c - +2 ring mail {rC+}
rPois   +          Reflect  +   (no helmet)
rElec   .          Harm     .   r - scarf {repulsion}
rCorr   +          Rampage  .   b - +0 pair of gloves
Will    ++...                   (no barding)
Stlth   ..........              a - amulet of reflection
HPRegen 1.27/turn               l - ring of poison resistance
MPRegen 0.11/turn               s - ring of resist corrosion

@: berserking, strong-willed (expiring), regenerating (expiring), repel
missiles, curled up, very quick
A: large, rugged brown scales 3, see invisible, deformed body, roll 1, armoured
tail, reflexive curl
a: Rolling Charge, Renounce Religion, Berserk, Trog's Hand


You were on level 6 of the Dungeon.
You worshipped Trog.
Trog was most pleased with you.
You visited 1 branch of the dungeon, and saw 6 of its levels.

You collected 304 gold pieces.

Inventory:

Hand Weapons
 i - a +0 club
 p - a +1 battleaxe (weapon)
 q - a +0 flail
Armour
 b - a +0 pair of gloves (worn)
 c - a +2 ring mail of cold resistance (worn)
 o - a +0 chain mail
 r - a scarf of repulsion (worn)
Jewellery
 a - an amulet of reflection (around neck)
 l - a ring of poison resistance (left hand)
 s - a ring of resist corrosion (right hand)
Scrolls
 d - a scroll of vulnerability
 h - 2 scrolls of fear
 m - 2 scrolls of teleportation
 t - 2 scrolls of enchant weapon
Potions
 e - a potion of magic
 f - 2 potions of curing
 g - 2 potions of haste
 k - a potion of invisibility
 n - a potion of brilliance
 u - 3 potions of flight
 v - a potion of berserk rage {unknown}


   Skills:
 * Level 6.2 Fighting
 * Level 6.2 Axes
 + Level 3.4 Armour
 + Level 3.5 Dodging


You had 7 spell levels left.
You didn't know any spells.
Your spell library was empty.

Dungeon Overview and Level Annotations

Branches:
Dungeon (6/15)
 Temple: D:4-7

Altars:
Ashenzari
Dithmenos
Elyvilon
Gozag
Kikubaaqudgha
Okawaru
Qazlal
Sif Muna
Trog
Wu Jian
Xom

Shops:
D:3 *


Innate Abilities, Weirdness & Mutations

You are completely covered in rugged brown scales. (AC +3, +7% HP)
You have supernaturally acute eyesight. (SInv)
Armour fits poorly on your strangely shaped body.
You can roll at nearby foes to attack.
You have a long armoured tail.
You curl defensively after being hit. (AC +7*)


Message History

You feel strong-willed.
You are engulfed in a cloud of scalding steam.
The ice beast barely misses you. The ice beast closely misses you.
The steam dragon bites you.
The steam dragon claws you but does no damage.
A red film seems to cover your vision as you go berserk!
You feel yourself moving faster!
You feel mighty!
You are engulfed in a cloud of scalding steam.
The ice beast hits you but does no damage.
You block the ice beast's attack. You block the steam dragon's attack. x2
You hit the steam dragon.
Your tail-slap misses the steam dragon.
The steam dragon is heavily wounded.
You barely miss the ice beast. You closely miss the shadow imp.
You closely miss the ice beast.
You are engulfed in a cloud of scalding steam.
* * * LOW HITPOINT WARNING * * *
You feel the effects of Trog's Hand fading.
The ice beast hits you.
* * * LOW HITPOINT WARNING * * *
The ice beast freezes you. You resist.
* * * LOW HITPOINT WARNING * * *
The ice beast hits you but does no damage.
The shadow imp hits you but does no damage.
The steam dragon bites you but does no damage.
The steam dragon claws you.
* * * LOW HITPOINT WARNING * * *
You closely miss the steam dragon.
The steam dragon is heavily wounded.
You closely miss the ice beast. You barely miss the shadow imp.
You slash the ice beast!
You are engulfed in a cloud of scalding steam.
* * * LOW HITPOINT WARNING * * *
The ice beast hits you but does no damage.
The ice beast completely misses you. The steam dragon breathes steam at you.
The ball of steam hits you!!
* * * LOW HITPOINT WARNING * * *
The shadow imp hits you but does no damage.
The ice beast hits you.
You die...

#.... .# #.#.#
#.######...
#.........###
............#
#..........#
##.....DY5..#
.......Y....#
#.......@§..# ####
.....!....§.# ##..#
.#.#####.####
##...### # ####.#
#..#...# #..#....#
#.####.#
......>.######.####.#
....................#
#.........####.######
## ####...#...###.#


You could see a steam dragon (catching breath), 2 ice beasts and a shadow imp.

Vanquished Creatures
  An orc warrior (D:4)
  An ice beast (D:5)
  2 sky beasts
  A centaur (D:5)
  2 necrophages
  A scorpion (D:3)
  4 orc priests
  A hound (D:3)
  2 iguanas
  2 orc wizards
  6 adders
  A shadow imp (D:5)
  An ufetubus (D:6)
  2 worms (D:4)
  4 dart slugs
  19 orcs
  8 ball pythons
  4 bats
  7 endoplasms
  4 giant cockroaches
  10 goblins
  15 hobgoblins
  4 jackals
  2 kobolds
  A quokka (D:2)
  4 frilled lizards
  5 rats
114 creatures vanquished.

Notes
Turn   | Place    | Note
-------+----------+-------------------------------------------
     0 | D:1      | sammy202020 the Palentonga Berserker began the quest for
                  | the Orb.
     0 | D:1      | Reached XP level 1. HP: 19/19 MP: 1/1
   276 | D:1      | Reached XP level 2. HP: 20/25 MP: 2/2
   817 | D:1      | Reached XP level 3. HP: 31/31 MP: 3/3
   826 | D:1      | Reached ** piety under Trog
   874 | D:1      | Found a faded altar of an unknown god.
  1557 | D:2      | Reached XP level 4. HP: 32/39 MP: 4/4
  1884 | D:3      | Found a shimmering blue altar of Sif Muna.
  1915 | D:3      | Found a bloodstained altar of Trog.
  1986 | D:3      | Found Gozag's Platinum Reserve.
  1990 | D:3      | Found an opulent altar of Gozag.
  2155 | D:3      | Noticed a scorpion
  2172 | D:3      | Killed a scorpion
  2173 | D:3      | Reached XP level 5. HP: 40/44 MP: 5/5
  2336 | D:3      | Found a stormy altar of Qazlal.
  3492 | D:4      | Noticed a sky beast
  3496 | D:4      | Noticed an orc warrior
  3510 | D:4      | Killed a sky beast
  3511 | D:4      | Reached XP level 6. HP: 41/52 MP: 6/6
  3520 | D:4      | Killed an orc warrior
  3521 | D:4      | Reached skill level 5 in Fighting
  3521 | D:4      | Reached skill level 5 in Axes
  3885 | D:4      | Reached *** piety under Trog
  3886 | D:4      | Gained mutation: You curl defensively after being hit. (AC
                  | +7*) [Palentonga growth]
  3886 | D:4      | Reached XP level 7. HP: 22/56 MP: 7/7
  4492 | D:4      | Found an ancient bone altar of Kikubaaqudgha.
  4629 | D:5      | Entered Level 5 of the Dungeon
  5321 | D:5      | Found a white marble altar of Elyvilon.
  5575 | D:4      | Identified the +4 scimitar of Siguhelu {vorpal, Int+5}
  5762 | D:5      | Found a hide-covered altar of Uskayaw.
  5764 | D:5      | Found a broken altar of Ashenzari.
  5764 | D:5      | Found an ornate altar of the Wu Jian Council.
  5766 | D:5      | Found an iron altar of Okawaru.
  5766 | D:5      | Found a shimmering altar of Xom.
  5766 | D:5      | Found a shadowy altar of Dithmenos.
  5833 | D:6      | Reached XP level 8. HP: 68/68 MP: 8/8
  5984 | D:6      | HP: 2/102 [steam dragon/ball of steam (18)]
  5985 | D:6      | Slain by an ice beast

Illustrated notes

Levels and vault maps discovered:
D:1:      dpeg_arrival_snail, layout_loops_ring, nicolae_ecumenical_lake_church,
          minmay_ruptured
D:2:      minmay_skewed_foursquare, layout_rooms
D:3:      layout_loops_corners, trog_three_pillars_becter,
          nicolae_gozag_zags_fifth_avenue, lemuel_crystal_altar,
          nicolae_qazlal_eye_of_the_storm
D:4:      layout_basic, nicolae_overflow_hidden_temple
D:5:      layout_rooms, doesnt_xom_only_xom, elyvilon_altar_5
D:6:      layout_rooms, gammafunk_ghost_cemetery

Skill      XL: |  1  2  3  4  5  6  7 |
---------------+----------------------+-----
Armour         | 2 3 |  3.4
Dodging        | 2 3 |  3.5
Fighting       | 4 5 6 |  6.2
Axes           | 4 5 6 |  6.2

Action                   |  1- 3 |  4- 6 |  7- 9 || total
-------------------------+-------+-------+-------++-------
Melee: Hand axe          |   111 |   140 |       ||   251
       Punch             |     2 |       |       ||     2
       Tailslap          |     5 |    23 |    12 ||    40
       Battleaxe         |       |    19 |    72 ||    91
Invok: Trog's Hand       |       |     2 |     1 ||     3
       Berserk           |       |     1 |     2 ||     3
 Abil: Rolling Charge    |     6 |     9 |       ||    15
  Use: Scroll            |     7 |     2 |     4 ||    13
 Stab: Sleeping          |     1 |       |       ||     1
Armor: Animal skin       |    24 |       |       ||    24
       Leather armour    |    26 |     2 |       ||    28
       Ring mail         |       |    28 |    53 ||    81
       Chain mail        |       |    41 |       ||    41
Dodge: Dodged            |    48 |    65 |    40 ||   153
       Repelled          |       |       |     1 ||     1
Block: Other             |       |     4 |    30 ||    34

Table legend: (Time is in decaauts)
 A = Elapsed time spent in this place.
 B = Non-inter-level travel time spent in this place.
 C = Inter-level travel time spent in this place.
 D = Time resting spent in this place.
 E = Time spent auto-exploring this place.
 F = Levels seen in this place.
 G = Mean time per level.
                   A        B        C        D        E       F      G
               +--------+--------+--------+--------+--------+-----+--------+
         Total |   6070 |   5640 |    430 |    328 |   4286 |   6 | 1011.7 |
       Dungeon |   6070 |   5640 |    430 |    328 |   4286 |   6 | 1011.7 |
               +--------+--------+--------+--------+--------+-----+--------+

Top non-repeatable levels by time:
     D:4: 1476 daAuts
     D:3: 1320 daAuts
     D:5: 1200 daAuts
     D:1: 1158 daAuts
     D:2: 745 daAuts
     D:6: 169 daAuts
